 Dungeon Crawl Stone Soup version 0.28-a0-1567-g1695149f81 (webtiles) character file.

Game seed: 10375750337631724327

109 Strat the Conjurer (level 4, -2/33 HPs)
             Began as a Draconian Conjurer on Jan 19, 2022.
             Slain by an orc warrior (9 damage)
             ... on level 2 of the Dungeon.
             The game lasted 00:06:47 (3900 turns).

Strat the Conjurer (Draconian Conjurer)             Turns: 3900, Time: 00:06:48

Health: -2/33      AC:  7    Str:  9    XL:     4   Next: 60%
Magic:  7/7        EV: 12    Int: 20    God:
Gold:   128        SH:  0    Dex: 10    Spells: 1/7 levels left

rFire   . . .      SeeInvis .   i - +3 short sword (holy)
rCold   . . .      Faith    .   (no shield)
rNeg    . . .      Spirit   .   (armour unavailable)
rPois   .          Reflect  .   (helmet restricted)
rElec   .          Harm     .   (no cloak)
rCorr   .          Rampage  .   g - +1 pair of gloves
Will    .....                   (no boots)
Stlth   ++........              (no amulet)
HPRegen 0.11/turn               (no ring)
MPRegen 0.10/turn               (no ring)

@: no status effects
A: AC +5, unfitting armour, cold-blooded
a: no special abilities


You were on level 2 of the Dungeon.
You visited 1 branch of the dungeon, and saw 3 of its levels.

You collected 128 gold pieces.

Inventory:

Hand Weapons
 a - a +0 whip
 i - a +3 short sword of holy wrath (weapon)
Missiles
 c - 98 stones
 k - 6 poisoned darts
Armour
 g - a +1 pair of gloves (worn)
Wands
 l - a wand of acid (8)
Scrolls
 b - 4 scrolls of identify
 d - 2 scrolls of vulnerability {unknown}
 f - 3 scrolls of teleportation {unknown}
 h - a scroll of immolation {unknown}
 j - 2 scrolls of fog {unknown}
 m - a scroll of silence {unknown}
Potions
 e - a potion of attraction


   Skills:
 - Level 2.0 Dodging
 - Level 2.0 Stealth
 - Level 2.1 Spellcasting
 + Level 5.8 Conjurations


You had one spell level left.
You knew the following spells:

 Your Spells              Type           Power      Damage    Failure   Level
a - Magic Dart            Conj           100%       1d8       1%          1
b - Searing Ray           Conj           50%        2d6       2%          2
c - Dazzling Flash        Conj/Hex       26%        N/A       14%         3

Your spell library contained the following spells:

 Spells                   Type           Power      Damage    Failure   Level
 Apportation              Tloc           4%         N/A       16%         1
 Fulminant Prism          Conj/Hex       6%         3d7       43%         4
 Iskenderun's Mystic Bla  Conj/Tloc      13%        2d5       43%         4
 Alistair's Intoxication  Tmut/Pois      1%         N/A       99%         5


Dungeon Overview and Level Annotations

Branches:
Dungeon (3/15)

Altars:

Shops:
D:3 ?

Annotations:
D:2 Sigmund


Innate Abilities, Weirdness & Mutations

Your plain brown scales are hard. (AC +5)
You cannot fit into any form of body armour.
You are cold-blooded and may be slowed by cold attacks.


Message History

You hit the goblin.
You kill the goblin!
The helpless bat fails to defend itself.
You puncture the bat!
You kill the bat!
No target in view!
No target in view!
An orc warrior is nearby!
Okay, then.
As you read the scroll labelled BIT PEGERORGH, it crumbles to dust.
It is a scroll of identify.
e - a potion of attraction The orc warrior hits you with a +0 short sword.
The orc shouts!
The orc suddenly grunts.
The orc priest calls down the wrath of Beogh upon you.
Beogh smites you!
* * * LOW HITPOINT WARNING * * *
There is a stone staircase leading up here.
The orc warrior hits you with a +0 short sword.
* * * LOW HITPOINT WARNING * * *
You climb upwards.
Level annotation: Sigmund
There is a stone staircase leading down here.
Okay, then.
Aiming: Corrosive Bolt
Press: ? - help, Shift-Dir - straight line, f - orc warrior
Aim: an orc warrior, wielding a +0 short sword and wearing a +0 plate armour (71% to hit)
The bolt of acid hits the orc warrior!
The acid corrodes the orc warrior!
The orc warrior is moderately wounded.
The orc warrior hits you with a +0 short sword!
* * * LOW HITPOINT WARNING * * *
Aiming: Corrosive Bolt
Press: ? - help, Shift-Dir - straight line, f/p - orc warrior
Aim: an orc warrior, wielding a +0 short sword and wearing a +0 plate armour (moderately wounded, covered in acid, 71% to hit)
The bolt of acid hits the orc warrior!
The orc warrior seems to be corroded for longer.
The orc warrior is severely wounded.
The orc warrior hits you with a +0 short sword!
You die...

#.# ##.##
##...###################
##........>............(.
#...............####.....
#.##.#######..### ##.#.#
##.#### ##.#..#######.#.#
##..#######.#.........#.#.#
#.#.....>o@..#..####....#.#
##>.##########).# #..###.#
#...# #..# ##..###)# #..##
#).# ......#.# #..# #..#
##....... #######..#
#..#.##.##.#.# .........#
#............# #######.##
########.##.##.##.### #.#
#........##.##.#.....


You could see an orc warrior (corroded).

Vanquished Creatures
  Robin (D:2)
  An adder (D:2)
  3 dart slugs (D:1)
  5 orcs (D:3)
  3 ball pythons
  8 endoplasms
  A giant cockroach (D:2)
  10 hobgoblins
  2 jackals (D:1)
  A quokka (D:1)
  7 bats
  6 frilled lizards
  16 goblins
  2 kobolds
  6 rats
72 creatures vanquished.

Notes
Turn   | Place    | Note
-------+----------+-------------------------------------------
     0 | D:1      | Strat the Draconian Conjurer began the quest for the Orb.
     0 | D:1      | Reached XP level 1. HP: 14/14 MP: 3/3
   253 | D:1      | Reached XP level 2. HP: 20/20 MP: 0/5
   354 | D:1      | Learned a level 2 spell: Searing Ray
   883 | D:1      | Reached XP level 3. HP: 26/26 MP: 4/6
  1111 | D:1      | Found a faded altar of an unknown god.
  1768 | D:2      | Reached skill level 5 in Conjurations
  2268 | D:2      | Noticed Robin
  2288 | D:2      | Killed Robin
  2289 | D:2      | Reached XP level 4. HP: 33/33 MP: 1/7
  2611 | D:2      | Noticed Sigmund
  2979 | D:3      | Learned a level 3 spell: Dazzling Flash
  3373 | D:3      | Noticed an orc warrior
  3635 | D:3      | Found Wirol's Magic Scroll Boutique.
  3900 | D:2      | Slain by an orc warrior

Illustrated notes

Levels and vault maps discovered:
D:1:      tarquinn_simple_flora_water_b, layout_basic,
          ebering_ecumenical_altar_webs, minmay_three_crescents
D:2:      layout_loops_ring, uniq_robin, uniq_sigmund
D:3:      layout_basic, amcnicky_altar_gilded, serial_shops,
          nicolae_shop_temple_entry_statues_fountains

Skill      XL: |  1  2  3 |
---------------+----------+-----
Dodging        | 2 |  2.0
Stealth        | 2 |  2.0
Conjurations   | 5 |  5.8
Spellcasting   | |  2.1

Action                   |  1- 3 |  4- 6 || total
-------------------------+-------+-------++-------
Melee: Whip              |    20 |       ||    20
       Short sword       |       |    47 ||    47
       Tailslap          |       |     3 ||     3
 Cast: Magic Dart        |    40 |     1 ||    41
       Searing Ray       |    15 |     6 ||    21
Evoke: Wand              |       |     2 ||     2
  Use: Scroll            |       |     1 ||     1
 Stab: Sleeping          |       |     3 ||     3
Armor: Skin              |     4 |    13 ||    17
Dodge: Dodged            |    17 |    26 ||    43

Table legend: (Time is in decaauts)
 A = Elapsed time spent in this place.
 B = Non-inter-level travel time spent in this place.
 C = Inter-level travel time spent in this place.
 D = Time resting spent in this place.
 E = Time spent auto-exploring this place.
 F = Levels seen in this place.
 G = Mean time per level.
                   A        B        C        D        E       F      G
               +--------+--------+--------+--------+--------+-----+--------+
         Total |   3907 |   3850 |     57 |    406 |   2613 |   3 | 1302.3 |
       Dungeon |   3907 |   3850 |     57 |    406 |   2613 |   3 | 1302.3 |
               +--------+--------+--------+--------+--------+-----+--------+

Top non-repeatable levels by time:
     D:1: 1570 daAuts
     D:2: 1238 daAuts
     D:3: 1099 daAuts
